 Dungeon Crawl Stone Soup version 0.18.1-48-g4cf74bf (webtiles) character file.

30 ololoev the Firebug (level 3, 4/19 HPs)
             Began as a Deep Elf Fire Elementalist on July 28, 2016.
             Quit the game on level 4 of the Dungeon.
             The game lasted 00:01:32 (204 turns).

ololoev the Firebug (Deep Elf Fire Elementalist)     Turns: 204, Time: 00:01:34

Health: 4/19       AC:  2    Str: 10    XL:     3   Next: 5%
Magic:  0/9        EV: 13    Int: 20    God:
Gold:   11         SH:  0    Dex: 15    Spells: 1 memorised, 7 levels left

rFire  . . .     SeeInvis .     (no weapon)
rCold  . . .     Gourm    .     a - +0 robe
rNeg   . . .     Faith    .     (no shield)
rPois  .         Spirit   .     (no helmet)
rElec  .         Dismiss  .     (no cloak)
rCorr  .         Reflect  .     (no gloves)
SustAt .         Harm     .     (no boots)
MR     .....                    (no amulet)
Stlth  ++........               (no ring)
                                (no ring)

@: mighty, lethally poisoned (4 -> -3), not resistant to hostile enchantments,
unstealthy
A: no striking features
a: no special abilities

Inventory:

Armour
 a - a +0 robe (worn)
Scrolls
 e - a scroll of magic mapping {unknown}
 g - a scroll of remove curse {unknown}
 i - a scroll of identify {unknown}
Books
 b - a book of Flames

   Spells                             Type                      Level
   a - Flame Tongue                   Conjuration/Fire             1
   b - Throw Flame                    Conjuration/Fire             2
   c - Conjure Flame                  Conjuration/Fire             3
   d - Inner Flame                    Hexes/Fire                   3
   e - Sticky Flame                   Conjuration/Fire             4
   f - Fireball                       Conjuration/Fire             5
Comestibles
 c - a bread ration
 d - a meat ration
 f - 2 fruits


   Skills:
 - Level 2.4 Dodging
 - Level 2.4 Stealth
 + Level 3.2 Spellcasting
 * Level 2.5 Conjurations
 + Level 3.8 Fire Magic


You had 7 spell levels left.
You knew the following spells:

 Your Spells              Type           Power        Failure   Level  Hunger
a - Flame Tongue          Conj/Fire      ###..        4%          1    None


You were on level 4 of the Dungeon.
You were not hungry.

You visited 1 branch of the dungeon, and saw 4 of its levels.

You collected 11 gold pieces.

... .. .... .. ..
..... .# #.#
..... ##.# ....
...##..#.....
#.....#.....
#...†....._.
#...@.# #.....#
#.....#
#+#####.....###
#....<#.........
#.....'......+...
#.....#......# ..
#...###......# .
#... #####+##

Notes
Turn   | Place    | Note
--------------------------------------------------------------
     0 | D:1      | ololoev the Deep Elf Fire Elementalist began the quest for the Orb.
     0 | D:1      | Reached XP level 1. HP: 10/10 MP: 6/6
    46 | D:2      | crauler: STARTSCUMMING AS USUAL I SEE?
    96 | D:2      | crauler: бим задумался
   122 | D:2      | ololoev: он решает стоит ли опять ко мне заходить
   181 | D:4      | Noticed an ogre
   193 | D:4      | Noticed a worker ant
   197 | D:4      | Found an ancient bone altar of Kikubaaqudgha.
   202 | D:4      | Killed a worker ant
   202 | D:4      | Reached XP level 2. HP: 4/15 MP: 0/8
   202 | D:4      | Reached XP level 3. HP: 5/19 MP: 0/9
   204 | D:4      | Quit the game

Dungeon Overview and Level Annotations

Branches:
Dungeon (4/15)
 Temple: D:4-7

Altars:
Kikubaaqudgha


Message History

Confirm with . or Enter, or press ? or * to list all spells.
Aiming: Flame Tongue
Press: ? - help, Shift-Dir - straight line, f/p - goblin
Aim: a goblin (severely wounded)
The flame tongue misses the goblin.
The goblin closely misses you.
Casting: Flame Tongue
Confirm with . or Enter, or press ? or * to list all spells.
Aiming: Flame Tongue
Press: ? - help, Shift-Dir - straight line, f/p - goblin
Aim: a goblin (severely wounded)
The flame tongue hits the goblin.
You kill the goblin!
You now have 11 gold pieces.
There is a stone staircase leading down here.
You climb downwards.
Found a scroll labeled HAES YJAT EHICAGG.
There is a stone staircase leading up here.
i - a scroll labeled HAES YJAT EHICAGG You open the door.
An ogre comes into view. It is wielding a giant spiked club.
There is an open door here.
There is a stone staircase leading up here.
You climb upwards.
There is a stone staircase leading down here.
There is a stone staircase leading down here.
You climb downwards.
There is a stone staircase leading up here.
You open the door.
There is an open door here.
A worker ant comes into view.
Found an ancient bone altar of Kikubaaqudgha.
Casting: Flame Tongue
Confirm with . or Enter, or press ? or * to list all spells.
Aiming: Flame Tongue
Press: ? - help, Shift-Dir - straight line, f - worker ant
Aim: a worker ant (resting)
The flame tongue hits the worker ant.
The worker ant is moderately wounded.
Casting: Flame Tongue
Confirm with . or Enter, or press ? or * to list all spells.
Aiming: Flame Tongue
Press: ? - help, Shift-Dir - straight line, f/p - worker ant
Aim: a worker ant (moderately wounded)
The flame tongue hits the worker ant.
The worker ant is moderately wounded.
Casting: Flame Tongue
Confirm with . or Enter, or press ? or * to list all spells.
Aiming: Flame Tongue
Press: ? - help, Shift-Dir - straight line, f/p - worker ant
Aim: a worker ant (moderately wounded)
The flame tongue hits the worker ant.
The worker ant is almost dead.
The worker ant bites you.
Ouch! That really hurt!
You are lethally poisoned!
The worker ant poisons you! The worker ant barely misses you.
Casting: Flame Tongue
Confirm with . or Enter, or press ? or * to list all spells.
Aiming: Flame Tongue
Press: ? - help, Shift-Dir - straight line, f/p - worker ant
Aim: a worker ant (almost dead)
The flame tongue misses the worker ant.
You feel sick. The worker ant misses you.
Casting: Flame Tongue
Confirm with . or Enter, or press ? or * to list all spells.
Aiming: Flame Tongue
Press: ? - help, Shift-Dir - straight line, f/p - worker ant
Aim: a worker ant (almost dead)
The flame tongue hits the worker ant.
You kill the worker ant!
Your Conjurations skill increases to level 2!
You have reached level 2!
You have reached level 3!
Your experience leads to an increase in your attributes!
Increase (S)trength, (I)ntelligence, or (D)exterity?
You feel clever.
You feel sick.
Drink which item? (? for menu, Esc to quit)
It was a potion of might.
You feel very mighty all of a sudden.
Are you sure you want to abandon this character and quit the game? (Confirm with "yes".)

There were no monsters in sight!

Vanquished Creatures
  A worker ant (D:4)
  An orc (D:3)
  A ball python (D:2)
  A goblin (D:3)
  2 hobgoblins (D:1)
6 creatures vanquished.

Action                   || total
-------------------------++-------
 Cast: Flame Tongue      ||    15
  Use: Potion            ||     1
Dodge: Dodged            ||     3

Vault maps used:
D:1:      evilmike_arrival_run_for_it, minmay_misc_feat_plants
D:4:      old_standard_altar, first_bread
